 Dungeon Crawl Stone Soup version 0.29.1-15-g9cfb28693d (webtiles) character file.

Game seed: 16647338394161783087

2 Cheops the Poker (level 1, 0/16 HPs)
             Began as a Merfolk Gladiator on Mar 15, 2023.
             Slain by a ball python (2 damage)
             ... on level 1 of the Dungeon.
             The game lasted 00:00:37 (31 turns).

Cheops the Poker (Merfolk Gladiator)                  Turns: 31, Time: 00:00:38

Health: 0/16       AC:  4    Str: 14    XL:     1   Next: 30%
Magic:  1/1        EV: 13    Int:  7    God:
Gold:   0          SH:  0    Dex: 15    Spells: 0/0 levels left

rFire   . . .      SeeInvis .   a - +0 trident
rCold   . . .      Faith    .   (no shield)
rNeg    . . .      Spirit   .   b - +0 leather armour
rPois   .          Reflect  .   c - +0 helmet
rElec   .          Harm     .   (no cloak)
rCorr   .          Rampage  .   (no gloves)
Will    .....                   (no boots)
Stlth   +.........              (no amulet)
HPRegen 0.05/turn               (no ring)
MPRegen 0.07/turn               (no ring)

@: no status effects
A: (nimble swimmer 2), mertail
a: no special abilities


You were on level 1 of the Dungeon.
You visited 1 branch of the dungeon, and saw 1 of its levels.

Inventory:

Hand Weapons
 a - a +0 trident (weapon)
Missiles
 d - 3 throwing nets (quivered)
 e - a javelin
Armour
 b - a +0 leather armour (worn)
 c - a +0 helmet (worn)


   Skills:
 - Level 2.1 Fighting
 + Level 4.2 Polearms
 - Level 2.0 Throwing
 - Level 4.0 Dodging


You couldn't memorise any spells.
You didn't know any spells.
Your spell library was empty.

Dungeon Overview and Level Annotations

Branches:
Dungeon (1/15)

Altars:


Innate Abilities, Weirdness & Mutations

((You are very nimble when in or above water. (Stealth+, EV+, Speed+++)))
Your lower body shifts to a powerful aquatic tail in water.


Message History

You are too injured to fight recklessly!
You are too injured to fight recklessly!
You are too injured to fight recklessly!
You are too injured to fight recklessly!
You are too injured to fight recklessly!
You are too injured to fight recklessly!
You are too injured to fight recklessly!
There are monsters nearby!
There are monsters nearby!
There are monsters nearby!
You puncture the jackal!
You kill the jackal!
The bat misses you. The ball python bites you. The ball python grabs you.
The ball python constricts you. The jackal barely misses you. x2
You hit the rat but do no damage. The bat hits you but does no damage. x2
The jackal barely misses you.
The ball python bites you but does no damage.
The ball python constricts you. The jackal bites you.
* * * LOW HITPOINT WARNING * * *
The rat bites you but does no damage.
The jackal bites you but does no damage.
The ball python bites you but does no damage.
The ball python constricts you. The jackal barely misses you.
The endoplasm quivers.
You puncture the rat!
You kill the rat!
The jackal closely misses you. The jackal completely misses you.
The ball python bites you.
* * * LOW HITPOINT WARNING * * *
The ball python constricts you. The bat hits you.
* * * LOW HITPOINT WARNING * * *
You escape the ball python's grasp.
The jackal attacks as you move away!
The jackal bites you but does no damage.
The bat barely misses you. The jackal bites you.
* * * LOW HITPOINT WARNING * * *
The ball python misses you. The ball python closely misses you.
You see here a rat corpse.
The ball python attacks as you move away!
The ball python bites you.
You die...

#..###.#.###.#...#.
#+#....#.#.#........
#....⌠.#.#.#.......#
#..#.......#.......#
+.####.....#.......#
#..#.......#.......#..
#....⌠.#.#.#..b.......
###'#....#.#.#.hhS......
#...#..###.#.###@#..###.
#.<.#......#............
##################..###.
..... ...# ...# ..# ###


You could see 2 jackals, a bat and a ball python.

Vanquished Creatures
  A jackal (D:1)
  A rat (D:1)
2 creatures vanquished.

Notes
Turn   | Place    | Note
-------+----------+-------------------------------------------
     0 | D:1      | Cheops the Merfolk Gladiator began the quest for the Orb.
     0 | D:1      | Reached XP level 1. HP: 16/16 MP: 1/1
    31 | D:1      | Slain by a ball python

Illustrated notes

Levels and vault maps discovered:
D:1:      dpeg_arrival_court, layout_basic, basic_ecumenical_altar

Action                   || total
-------------------------++-------
Melee: Trident           ||     8
Armor: Leather armour    ||    10
Dodge: Dodged            ||    23
